 Dungeon Crawl Stone Soup version 0.25.1-2-g60ff931df9 (webtiles) character file.

Game seed: 334434278973681753

783825 Typee the Slayer (level 27, 0/195 HPs)
             Began as a Gargoyle Fighter on Nov 4, 2020.
             Was the Champion of the Shining One.
             Killed from afar by a Brimstone Fiend (30 damage)
             ... with damnation
             ... on level 7 of Gehenna on Nov 7, 2020.
             The game lasted 06:12:12 (85348 turns).

Typee the Slayer (Gargoyle Fighter)                Turns: 85348, Time: 06:12:14

Health: 0/195      AC: 68    Str: 52    XL:     27
Magic:  45/45      EV: 15    Int: 10    God:    the Shining One [******]
Gold:   6182       SH: 22    Dex: 12    Spells: 38/41 levels left

rFire    + + +     SeeInvis +   Q - +9 sacred scourge (holy)
rCold    + + .     Gourm    .   G - +1 kite shield {rF+}
rNeg     + + +     Faith    +   B - +12 gold dragon scales
rPois    ∞         Spirit   .   a - +0 hat {MR+}
rElec    +         Reflect  .   n - +1 cloak {rCorr}
rCorr    +         Harm     .   c - +2 pair of gloves of the Valley of Death {-Tele rPois Str+9 SInv}
MR       +++++     NoTele   +   x - +0 pair of boots of the Slightly Bent {*Contam Regen+ Str+3}
Stlth    ..........             j - amulet "Leafitwa" {Faith rF+ rN+ MR+}
HPRegen  1.22/turn              d - ring "Asaociux" {rC+ MR+ Str+2}
MPRegen  0.29/turn              S - ring of Salvation {Str+6 Dex+3}

@: flying, hasted, glowing, very quick
A: big wings, hooves 1, blurry vision 2, high mp 2, negative energy resistance
1, regeneration 1, electricity resistance, wild magic 1, unbreathing,
petrification resistance, rot immunity, MP-powered wands, AC +20
}: 6/15 runes: serpentine, barnacled, slimy, silver, obsidian, abyssal
a: Stop Flying, Divine Shield, Cleansing Flame, Summon Divine Warrior, Renounce
Religion


You were on level 7 of Gehenna.
You worshipped the Shining One.
The Shining One was exalted by your worship.
You were not hungry.

You visited 13 branches of the dungeon, and saw 61 of its levels.
You visited the Abyss 2 times.
You visited 1 bazaar.
You also visited: Trove and Gauntlet.

You collected 10160 gold pieces.
You spent 3978 gold pieces at shops.

Inventory:

Hand Weapons
 r - the +6 morningstar "Tiaheq" {antimagic, rN+ Str+2 Int+3 Dex+2}
   (Okawaru gifted it to you on level 2 of the Depths)

   It reduces the magical energy of the wielder, and disrupts the spells and
   magical abilities of those hit.
   Natural abilities and divine invocations are not affected.
   It affects your strength (+2).
   It affects your intelligence (+3).
   It affects your dexterity (+2).
   It protects you from negative energy.
 v - the +10 morningstar "Eos" {elec, Halo rElec}
   (Okawaru gifted it to you on level 4 of the Vaults)

   Occasionally, upon striking a foe, it will discharge some electrical energy
   and cause terrible harm.
   It insulates you from electricity.
 L - the +9 morningstar "Imp's Death" {speed, *Contam Int+5 SInv}
   (You took it off an iron imp on level 1 of the Abyss)

   Attacks with this weapon are significantly faster.
   It affects your intelligence (+5).
   It lets you see invisible.
   It causes magical contamination when unequipped.
 Q - a +9 sacred scourge of holy wrath (weapon)
Missiles
 i - 11 silver boomerangs
 o - 172 boomerangs (quivered)
 X - 4 boomerangs of dispersal
Armour
 a - a +0 hat of magic resistance (worn)
 c - the +2 pair of gloves of the Valley of Death (worn) {-Tele rPois Str+9 SInv}
   (Okawaru gifted it to you on level 5 of the Depths)

   It affects your strength (+9).
   It protects you from poison.
   It lets you see invisible.
   It prevents most forms of teleportation.
 n - a +1 cloak of preservation (worn)
 x - the +0 pair of boots of the Slightly Bent (worn) {*Contam Regen+ Str+3}
   (You acquired it on level 3 of the Elven Halls)

   It affects your strength (+3).
   It causes magical contamination when unequipped.
   It increases your rate of regeneration.
 B - +12 gold dragon scales (worn)
 G - a +1 kite shield of fire resistance (worn)
 M - a scarf of resistance
Jewellery
 d - the ring "Asaociux" (left hand) {rC+ MR+ Str+2}
   (You bought it in a shop on level 1 of the Snake Pit)

   [ring of protection from magic]

   It affects your strength (+2).
   It protects you from cold.
   It affects your resistance to hostile enchantments.
 j - the amulet "Leafitwa" (around neck) {Faith rF+ rN+ MR+}
   (You found it on level 2 of the Depths)

   [amulet of faith]

   It allows you to gain divine favour quickly.
   It protects you from fire.
   It protects you from negative energy.
   It affects your resistance to hostile enchantments.
 t - an uncursed ring of ice
 O - the ring "Ygid" {rN+ Str+2 Int+7}
   (You found it in a treasure trove)

   [ring of positive energy]

   It affects your strength (+2).
   It affects your intelligence (+7).
   It protects you from negative energy.
 S - the ring of Salvation (right hand) {Str+6 Dex+3}
   (You found it in a treasure trove)

   [ring of strength]

   It affects your strength (+6).
   It affects your dexterity (+3).
Wands
 b - a wand of disintegration (42)
 e - a wand of digging (21)
 E - a wand of iceblast (19)
Scrolls
 p - 11 scrolls of magic mapping
 q - 12 scrolls of amnesia
 s - 4 scrolls of silence
 u - 37 scrolls of teleportation
 y - 9 scrolls of fear
 C - 6 scrolls of enchant weapon
 F - 30 scrolls of remove curse
 K - 7 scrolls of blinking
 P - 9 scrolls of enchant armour
 T - 5 scrolls of brand weapon
 U - 4 scrolls of fog
 W - 2 scrolls of holy word
 Y - 34 scrolls of identify
Potions
 g - 2 potions of resistance
 h - 10 potions of might
 k - 6 potions of ambrosia
 l - 10 potions of brilliance
 m - 25 potions of curing
 z - 7 potions of magic
 D - 5 potions of haste
 H - a potion of cancellation
 I - 4 potions of berserk rage
 J - 4 potions of heal wounds
Comestibles
 f - 101 rations


   Skills:
 + Level 25.8 Fighting
 - Level 16.0 Maces & Flails
 - Level 12.0 Throwing
 + Level 25.7 Armour
 + Level 11.3 Dodging
 - Level 25.0 Shields
 + Level 7.5 Spellcasting
 + Level 7.3 Hexes
 + Level 7.4 Charms
 + Level 21.4 Invocations
 - Level 6.0 Evocations


You had 38 spell levels left.
You knew the following spells:

 Your Spells              Type           Power        Failure   Level  Hunger
a - Spectral Weapon       Hex/Chrm       ###.....     11%         3    ###....

Your spell library contained the following spells:

 Spells                   Type           Power        Failure   Level  Hunger
 Corona                   Hex            ###....      4%          1    None
 Infusion                 Chrm           ###.         4%          1    None
 Slow                     Hex            ###.....     6%          2    ##.....
 Tukima's Dance           Hex            ###.....     12%         3    ###....
 Ensorcelled Hibernation  Hex/Ice        ##....       24%         2    ##.....
 Shroud of Golubria       Chrm/Tloc      ##....       24%         2    ##.....
 Swiftness                Chrm/Air       ##......     24%         2    ##.....
 Cause Fear               Hex            ###.......   32%         4    ####...
 Dazzling Flash           Conj/Hex       ##....       41%         3    ###....
 Ozocubu's Armour         Chrm/Ice       ##......     41%         3    ###....
 Summon Guardian Golem    Hex/Summ       ##......     41%         3    ###....
 Animate Skeleton         Necr           N/A          54%         1    None
 Apportation              Tloc           #.....       54%         1    None
 Beastly Appendage        Tmut           #.....       54%         1    None
 Foxfire                  Conj/Fire      #...         54%         1    None
 Magic Dart               Conj           #...         54%         1    None
 Pain                     Necr           #...         54%         1    None
 Sandblast                Erth           #.....       54%         1    None
 Shock                    Conj/Air       #...         54%         1    None
 Sting                    Tmut/Pois      #...         54%         1    None
 Summon Butterflies       Summ           #.......     54%         1    None
 Summon Small Mammal      Summ           #...         54%         1    None
 Blink                    Tloc           N/A          69%         2    ##.....
 Call Imp                 Summ           #.......     69%         2    ##.....
 Corpse Rot               Necr/Air       N/A          69%         2    ##.....
 Passwall                 Tmut/Erth      #.......     69%         2    ##.....
 Poisonous Vapours        Pois/Air       #.....       69%         2    ##.....
 Searing Ray              Conj           #.....       69%         2    ##.....
 Sticks to Snakes         Tmut           #.......     69%         2    ##.....
 Fulminant Prism          Conj/Hex       ##........   80%         4    ####...
 Leda's Liquefaction      Hex/Erth       ##........   80%         4    ####...
 Call Canine Familiar     Summ           #.......     88%         3    ###....
 Conjure Flame            Conj/Fire      #.......     88%         3    ###....
 Gell's Gravitas          Tloc           #.........   88%         3    ###....
 Ignite Poison            Fire/Tmut/Pois #.......     88%         3    ###....
 Lesser Beckoning         Tloc           #.........   88%         3    ###....
 Mephitic Cloud           Conj/Pois/Air  #.......     88%         3    ###....
 Recall                   Summ/Tloc      N/A          88%         3    ###....
 Spider Form              Tmut/Pois      #.........   88%         3    ###....
 Static Discharge         Conj/Air       #.......     88%         3    ###....
 Stone Arrow              Conj/Erth      #.....       88%         3    ###....
 Teleport Other           Tloc           #.......     88%         3    ###....
 Vampiric Draining        Necr           #.........   88%         3    ###....
 Excruciating Wounds      Chrm/Necr      ##........   98%         5    ######.
 Iskenderun's Battlesphe  Conj/Chrm      ##......     98%         5    ######.
 Silence                  Hex/Air        ##........   98%         5    ######.
 Summon Mana Viper        Hex/Summ       ##......     98%         5    ######.
 Yara's Violent Unravell  Hex/Tmut       ##........   98%         5    ######.
 Airstrike                Air            #.........   99%         4    ####...
 Animate Dead             Necr           N/A          99%         4    ####...
 Dispel Undead            Necr           #.......     99%         4    ####...
 Ice Form                 Ice/Tmut       #.......     99%         4    ####...
 Iskenderun's Mystic Bla  Conj/Tloc      #.......     99%         4    ####...
 Olgreb's Toxic Radiance  Pois           #.......     99%         4    ####...
 Passage of Golubria      Tloc           N/A          99%         4    ####...
 Petrify                  Tmut/Erth      #.......     99%         4    ####...
 Sticky Flame             Conj/Fire      #.......     99%         4    ####...
 Summon Ice Beast         Ice/Summ       #.......     99%         4    ####...
 Summon Lightning Spire   Summ/Air       #.......     99%         4    ####...
 Darkness                 Hex            ###.......   99%         6    #######
 Invisibility             Hex            ###.....     99%         6    #######
 Agony                    Necr           #.......     100%        5    ######.
 Alistair's Intoxication  Tmut/Pois      #.......     100%        5    ######.
 Aura of Abjuration       Summ           #.........   100%        5    ######.
 Blade Hands              Tmut           #.........   100%        5    ######.
 Bolt of Magma            Conj/Fire/Erth #.........   100%        5    ######.
 Borgnjor's Vile Clutch   Necr/Erth      #.........   100%        5    ######.
 Fireball                 Conj/Fire      #.........   100%        5    ######.
 Irradiate                Conj/Tmut      #.........   100%        5    ######.
 Lee's Rapid Deconstruct  Erth           #.........   100%        5    ######.
 Lightning Bolt           Conj/Air       #.........   100%        5    ######.
 Summon Demon             Summ           #.........   100%        5    ######.
 Summon Forest            Summ/Tloc      #.........   100%        5    ######.
 Death Channel            Necr           #.........   100%        6    #######
 Hydra Form               Tmut           #.........   100%        6    #######
 Iron Shot                Conj/Erth      #.........   100%        6    #######
 Shadow Creatures         Summ           N/A          100%        6    #######
 Simulacrum               Ice/Necr       #.........   100%        6    #######
 Dragon Form              Tmut           #.........   100%        7    #######
 Orb of Destruction       Conj           #.........   100%        7    #######
 Ring of Flames           Chrm/Fire      ##........   100%        7    #######
 Spellforged Servitor     Conj/Summ      #.........   100%        7    #######
 Summon Hydra             Summ           #.........   100%        7    #######
 Controlled Blink         Tloc           N/A          100%        8    #######
 Discord                  Hex            ###.......   100%        8    #######
 Disjunction              Tloc           #.........   100%        8    #######
 Infestation              Necr           #.........   100%        8    #######
 Dragon's Call            Summ           #.........   100%        9    #######
 Shatter                  Erth           #.........   100%        9    #######
 Tornado                  Air            #.........   100%        9    #######
 Sublimation of Blood     Necr           Unusable     N/A         2    N/A
 Statue Form              Tmut/Erth      Unusable     N/A         6    N/A

Dungeon Overview and Level Annotations

Branches:
Dungeon (15/15)            Temple (1/1) D:7            Lair (6/6) D:11
 Shoals (4/4) Lair:2        Snake (4/4) Lair:2        Slime (5/5) Lair:5
    Orc (2/2) D:11            Elf (3/3) Orc:2        Vaults (5/5) D:14
  Crypt (3/3) Vaults:3       Tomb (0/3) Crypt:3      Depths (5/5) D:15
   Hell (visited)             Dis (0/7) Hell            Geh (7/7) Hell
    Coc (0/7) Hell            Tar (0/7) Hell            Zot (0/5) Depths:5
Gauntlet (visited)

Altars:
Ashenzari
Cheibriados
Dithmenos
Elyvilon
Fedhas
Gozag
Hepliaklqana
Kikubaaqudgha
Makhleb
Nemelex Xobeh
Okawaru
Qazlal
Ru
Sif Muna
Trog
Uskayaw
Vehumet
Wu Jian
Xom
Yredelemnul
Zin
The Shining One
Beogh
Jiyva
Lugonu

Shops:
D:5 ?   D:7 (   D:12 !   D:15 %   Orc:2 (!}?   Elf:1 (   Elf:3 ?[   Snake:1 =}=
Snake:2 !   Vaults:4 }   Depths:1 :(   Depths:3 }}

Portals:
Hell: Depths:1 Depths:2 Depths:3 Depths:4 Depths:5
Abyss: Depths:1 Depths:4
Pandemonium: Depths:3 Depths:5
Ziggurat: Depths:2


Innate Abilities, Weirdness & Mutations

You are resistant to torment.
Your stone body is resilient. (AC +20)
You are immune to poison.
Your large and strong wings let you fly indefinitely.
You resist negative energy. (rN+)
You are resistant to electric shocks. (rElec)
You can survive without breathing.
You are immune to petrification.
You are immune to rotting.
You have large cloven feet.
Scrolls take you longer to read.
You have a considerably increased reservoir of magic. (+20% MP)
Your natural rate of healing is unusually fast.
Your spells are a little harder to cast, but a little more powerful.
You expend magic power (3 MP) to strengthen your wands.


Message History

The Brimstone Fiend is lightly wounded.
The Brimstone Fiend gestures at you.
The sphere of damnation explodes!
The damnation engulfs the Brimstone Fiend.
The Brimstone Fiend completely resists.
The damnation engulfs you!!!
* * * LOW HITPOINT WARNING * * *
The damnation engulfs your daeva!!
Your daeva dies!
The damnation engulfs the Brimstone Fiend.
The Brimstone Fiend completely resists.
You block the Brimstone Fiend's attack. The Brimstone Fiend barely misses you.
The Brimstone Fiend hits you but does no damage.
You feel yourself speed up.
Your daeva calls down the wrath of the Shining One upon the Brimstone Fiend.
The Brimstone Fiend is smitten.
The Brimstone Fiend gestures at you.
The sphere of damnation explodes!
The damnation engulfs the Brimstone Fiend.
The Brimstone Fiend completely resists.
The damnation engulfs you!!
You die...

≈≈≈§##..###..##§≈
§≈§§##.)###..##§§
≈≈≈≈##...#...##§≈
E§≈≈ #.......# §≈
§≈ ###...### §
##A## #...# #...#
#.@.# #.1.# #..1#
..... ...#...
##.. ..## ##. .##
#. .#


You could see 2 Brimstone Fiends and a friendly daeva (summoned).

Vanquished Creatures
  Asmodeus (Geh:7)
  the Royal Jelly (Slime:5)
  Mara (Vaults:2)
  Mennas (Vaults:2)
  2 juggernauts
  Sojobo (Vaults:3)
  Margery (Crypt:1)
  A curse toe (Crypt:3)
  Frederick (Vaults:2)
  Geryon (Hell)
  4 golden dragons
  Jory (Depths:4)
  3 bone dragons
  17 Brimstone Fiends
  4 tentacled monstrosities
  A Hell Sentinel (Abyss:4)
  The ghost of Setanta the Severer, an adept FoFi of Okawaru (Shoals:2)
  5 deep elf master archers
  7 deep elf blademasters
  10 titans
  2 quicksilver dragons
  Frances (Shoals:2)
  The ghost of nicanaca0 the Bludgeoner, an adept GrBe of Trog (Vaults:1)
  10 liches
  44 acid blobs
  2 sphinxes
  An Executioner (Abyss:5)
  4 tentacled starspawn
  Kirke (D:14)
  7 storm dragons
  11 tengu reavers
  A revenant (Crypt:3)
  Agnes (Snake:4)
  10 nagarajas
  8 ancient champions
  9 shadow dragons
  Ilsuiw (Shoals:2)
  A shadow dragon (shapeshifter) (Vaults:5)
  Roxanne (Snake:1)
  24 azure jellies
  A daeva (Depths:3)
  4 deep elf sorcerers (Elf:3)
  30 frost giants
  12 vault wardens
  3 iron dragons
  35 fire giants
  16 balrugs
  An orc warlord (Orc:1)
  9 deep elf elementalists
  2 juggernaut zombies
  A draconian shifter (Depths:5)
  A curse skull (Crypt:1)
  2 ghouls
  5 cacodemons
  An angel (Depths:3)
  6 spriggan defenders
  8 ironheart preservers
  A war gargoyle (Hell)
  Aizul (Snake:1)
  A draconian stormcaller (Depths:5)
  18 very ugly things
  17 reapers
  4 entropy weavers
  3 vampire knights
  A green draconian (Crypt:2)
  A juggernaut skeleton (Crypt:1)
  24 stone giants
  14 deep elf demonologists
  A purple draconian (Crypt:3)
  A lorocyproca (Depths:5)
  8 deep elf annihilators
  3 black draconians
  A white draconian (Depths:5)
  A minotaur (Gauntlet)
  3 red draconians
  4 spark wasps (Depths:5)
  A dire elephant (Gauntlet)
  The ghost of 15bullets the Basher, a journeyman GrFi of the Shining One (D:13)
  16 death oozes
  5 blizzard demons
  4 eidola
  3 quicksilver dragon zombies
  7 merfolk impalers
  15 ettins
  11 merfolk javelineers
  6 deep elf death magi
  8 jiangshi
  17 yaktaur captains
  2 mummy priests (Crypt:3)
  Harold (D:9)
  14 deep elf high priests
  18 great orbs of eyes
  3 quicksilver dragon skeletons
  10 fire dragons
  11 naga warriors
  7 ice dragons
  21 anacondas
  4 merfolk avatars
  36 vault guards
  A catoblepas (Lair:3)
  6 spriggan air magi
  8 rakshasas
  13 centaur warriors
  4 death knights
  9 merfolk aquamancers
  11 hydras
  An alligator snapping turtle (Shoals:4)
  38 two-headed ogres
  46 hell hogs
  21 ogre magi
  7 deep troll shamans
  2 titan zombies
  11 naga sharpshooters
  22 dancing weapons
  16 tengu warriors
  Urug (Lair:6)
  3 vampire magi
  4 thrashing horrors (Abyss:3)
  3 orc high priests
  6 deep troll earth magi
  5 shock serpents
  11 spriggan berserkers
  3 storm dragon zombies
  24 sun demons
  4 titan skeletons
  25 deep elf knights
  An iron golem (Geh:2)
  11 soul eaters
  7 sixfirhies
  3 salamander mystics
  4 iron trolls
  2 spatial maelstroms
  A fire crab (Gauntlet)
  26 small abominations
  A fire crab (shapeshifter) (Vaults:4)
  5 wretched stars
  4 shadow wraiths
  47 hell knights
  2 quicksilver dragon simulacra (Depths:2)
  4 golden dragon zombies
  2 storm dragon skeletons
  A shadow demon (Abyss:5)
  32 skeletal warriors
  A tengu zombie (Depths:4)
  2 ghost moth zombies
  32 deep trolls
  12 glowing orange brains
  A torturous demonspawn (Depths:5)
  13 sea snakes
  5 wizards
  3 golden dragon skeletons
  9 naga ritualists
  2 shadow dragon zombies (Hell)
  20 deep elf archers
  11 flayed ghosts
  8 unseen horrors
  8 harpies
  7 ironbrand convokers
  19 orc knights
  27 necromancers
  5 anaconda zombies
  16 phantasmal warriors
  3 wolf spider zombies
  2 shadow dragon skeletons
  2 anaconda skeletons (Geh:2)
  5 mana vipers
  26 fauns
  A harpy (shapeshifter) (D:15)
  29 ugly things
  9 orc sorcerers
  3 fire giant zombies
  A faun (shapeshifter) (Vaults:5)
  3 stone giant zombies
  A lindwurm (shapeshifter) (Vaults:5)
  56 deep elf magi
  7 frost giant zombies
  21 salamanders
  A shining eye (shapeshifter) (Vaults:4)
  2 iron dragon skeletons
  9 shining eyes
  18 manticores
  10 cyclopes
  5 worldbinders
  4 stone giant skeletons
  An oklob plant (Lair:4)
  17 merfolk sirens
  12 elephants
  11 rust devils
  9 water nymphs
  An apocalypse crab (Abyss:3)
  A torpor snail (shapeshifter) (Vaults:4)
  2 frost giant skeletons
  19 vault sentinels
  2 fire giant skeletons (Geh:4)
  A guardian serpent (shapeshifter) (Elf:2)
  2 dire elephant zombies
  17 guardian serpents
  9 eyes of devastation
  A shock serpent zombie (Crypt:2)
  2 torpor snails
  40 black mambas
  3 molten gargoyles
  18 smoke demons
  2 black mambas (shapeshifter)
  2 gargoyles
  12 naga magi
  22 spiny frogs
  A shock serpent skeleton (Crypt:1)
  3 ice statues
  13 hellions
  2 orange demons (Abyss:5)
  2 dire elephant skeletons
  An emperor scorpion zombie (Geh:5)
  2 catoblepas zombies (Geh:3)
  3 kobold demonologists
  4 ice devils
  4 komodo dragons
  52 yaktaurs
  A rime drake (shapeshifter) (Vaults:5)
  5 tormentors
  An anaconda simulacrum (Hell)
  A ghost moth simulacrum (Crypt:3)
  A grey draconian zombie (Crypt:1)
  2 catoblepas skeletons
  6 harpy zombies
  2 minotaur skeletons
  8 hydra zombies
  11 freezing wraiths
  12 efreet
  A red draconian skeleton (Crypt:1)
  5 human skeletons
  A purple draconian skeleton (Geh:6)
  A sea snake skeleton (Crypt:2)
  4 ancient zymes
  A golden dragon simulacrum (Hell)
  A tengu conjurer (Depths:4)
  4 guardian mummies (Crypt:3)
  A jumping spider (Vaults:3)
  2 polar bears (D:15)
  A queen ant zombie (Crypt:3)
  9 trolls
  43 merfolk
  22 red devils
  A jumping spider (shapeshifter) (Vaults:1)
  3 trolls (shapeshifter)
  A polar bear (shapeshifter) (Depths:3)
  A spriggan skeleton (Depths:1)
  3 hornets
  A moth of wrath zombie (Crypt:3)
  A hornet (shapeshifter) (Vaults:5)
  25 blink frogs
  8 raiju
  A satyr zombie (Crypt:1)
  5 tyrant leeches (Lair:6)
  7 wind drakes
  9 snapping turtles
  3 fire dragon zombies
  A harpy skeleton (Geh:6)
  201 slime creatures
  5 ice dragon zombies
  16 hippogriffs
  37 large abominations
  A hydra skeleton (Geh:5)
  3 ettin zombies
  20 dream sheep
  2 alligator skeletons
  4 alligator zombies
  3 centaur simulacra (D:15)
  3 black mamba zombies
  41 flying skulls
  26 wraiths
  3 air elementals
  A guardian serpent skeleton (Crypt:1)
  3 ynoxinuls
  2 fire dragon skeletons
  A tarantella (Vaults:5)
  5 redbacks
  2 spriggans
  26 shadows
  2 ettin skeletons
  22 water elementals
  4 ice dragon skeletons
  4 wyverns
  47 yaks
  4 hungry ghosts
  A vampire (D:15)
  5 fire bats (Gauntlet)
  27 fire elementals
  5 basilisks
  11 golden eyes
  3 neqoxecs
  16 humans
  3 elf skeletons
  13 vampire mosquitoes
  3 black mamba skeletons
  A steam dragon (D:11)
  4 chaos spawn
  49 nagas
  A hydra simulacrum (Hell)
  6 wargs
  4 spatial vortices (Abyss:3)
  2 swamp worms (shapeshifter)
  5 insubstantial wisps
  15 water moccasins
  A water moccasin (shapeshifter) (Vaults:4)
  64 hell hounds
  A spiny frog zombie (Geh:3)
  An infernal demonspawn skeleton (Crypt:1)
  2 porcupines (Lair:1)
  A floating eye (Depths:5)
  41 orc warriors
  A tengu skeleton (Depths:1)
  A spiny frog skeleton (Geh:2)
  A two-headed ogre skeleton (Crypt:2)
  A sky beast (D:13)
  15 eyes of draining
  8 phantoms
  7 boggarts
  2 ettin simulacra (Depths:2)
  32 ogres
  11 ice beasts
  A manticore zombie (Crypt:1)
  16 wolves
  10 necrophages
  30 centaurs
  2 snapping turtle zombies
  3 swamp dragon skeletons
  A snapping turtle skeleton (Geh:3)
  10 crocodiles
  A torpor snail zombie (Crypt:2)
  An octopode zombie (Crypt:2)
  25 bullfrogs
  4 elf zombies
  4 big kobolds
  7 earth elementals
  An ogre simulacrum (Vaults:1)
  A wyvern zombie (D:7)
  2 wyvern skeletons
  A spriggan zombie (Geh:7)
  A water moccasin skeleton (D:11)
  5 scorpions
  3 human simulacra
  5 killer bees (D:11)
  46 wights
  2 electric eels
  3 howler monkeys
  14 crimson imps
  2 bullfrog zombies
  5 centaur zombies
  2 lava snakes (Snake:2)
  41 starcursed masses
  A quasit (Abyss:3)
  A yaktaur simulacrum (Depths:1)
  A basilisk zombie (Crypt:1)
  9 hounds
  3 jellies
  45 orc wizards
  3 centaur skeletons
  22 orc priests
  2 bullfrog skeletons (D:10)
  9 iron imps
  Jessica (D:2)
  3 iguanas
  9 worker ants
  Natasha (thrice) (D:2)
  5 hell rats (Depths:1)
  A killer bee zombie (D:7)
  A sky beast zombie (Crypt:1)
  An ogre zombie (Crypt:3)
  An acid dragon skeleton (Crypt:3)
  2 hound zombies (D:5)
  A hound skeleton (D:10)
  3 howler monkey skeletons
  2 howler monkey zombies
  4 worker ant zombies
  10 adders
  4 gnolls (D:4)
  An adder (shapeshifter) (Vaults:5)
  4 shadow imps
  3 white imps
  An ufetubus (Abyss:2)
  An ooze (D:4)
  An adder skeleton (Crypt:3)
  A halfling skeleton (Crypt:3)
  2 worms
  3 dart slugs
  2 leopard geckos
  104 orcs
  2 ball pythons
  7 bats
  2 giant cockroaches
  10 goblins
  5 hobgoblins
  15 jackals
  3 quokkas
  4 frilled lizards
  A frilled lizard zombie (Crypt:3)
  14 kobolds
  2 kobold skeletons
  3 quokka skeletons
  A quokka zombie (D:5)
  7 rats
  5 crawling corpses
  A fungus (Elf:3)
  A lurking horror (Abyss:5)
  A macabre mass (Abyss:5)
  4 starspawn tentacles (Abyss:5)
3514 creatures vanquished.

Vanquished Creatures (collateral kills)
  A Brimstone Fiend (Geh:7)
  An azure jelly (Slime:5)
  A balrug (Geh:7)
  A death ooze (Slime:5)
  A dire elephant skeleton (Geh:7)
  A hellion (Geh:7)
  2 efreet (Geh:7)
  A butterfly (Lair:1)
9 creatures vanquished.

Vanquished Creatures (others)
  A deep elf blademaster (Elf:3)
  A fire giant (D:11)
  Nessos (Lair:6)
  3 hell hogs
  A vampire mage (Crypt:1)
  A deep elf archer (Slime:1)
  A necromancer (Depths:1)
  6 deep elf magi
  A manticore (Shoals:1)
  A naga mage (Abyss:5)
  A wind drake (Shoals:4)
  An ushabti (Crypt:3)
  A water elemental (Hell)
  7 humans (D:14)
  An orc warrior (Vaults:4)
  A necrophage (Geh:2)
  2 ettin simulacra (Depths:2)
  A boggart (Depths:2)
  A spiny frog simulacrum (Hell)
  A wight (Geh:2)
  A crimson imp (D:10)
  A jelly (D:14)
  4 orc wizards
  A hell rat (Hell)
  2 small abominations (Abyss:5)
  A shadow imp (D:14)
  2 orcs
  3 demonic plants (Gauntlet)
  10 fungi
  A lurking horror (Abyss:4)
  A macabre mass (Abyss:5)
  48 plants
  7 starspawn tentacles
  16 withered plants (Crypt:3)
132 creatures vanquished.

Grand Total: 3655 creatures vanquished

Notes
Turn   | Place    | Note
-------+----------+-------------------------------------------
     0 | D:1      | Typee the Gargoyle Fighter began the quest for the Orb.
     0 | D:1      | Reached XP level 1. HP: 14/14 MP: 1/1
    43 | D:1      | Reached XP level 2. HP: 5/19 MP: 2/2
   562 | D:1      | Reached XP level 3. HP: 23/23 MP: 3/3
   949 | D:2      | Reached XP level 4. HP: 25/28 MP: 4/4
  1348 | D:2      | Found a stormy altar of Qazlal.
  1362 | D:2      | Noticed Natasha
  1371 | D:2      | Killed Natasha
  1779 | D:3      | Noticed Jessica
  1783 | D:2      | Killed Jessica
  1783 | D:2      | Reached XP level 5. HP: 33/33 MP: 5/5
  1825 | D:2      | Noticed Natasha
  1841 | D:2      | Killed Natasha
  1895 | D:2      | Noticed Natasha
  1911 | D:2      | Killed Natasha
  2106 | D:3      | Found a burning altar of Makhleb.
  2107 | D:3      | Found a bloodstained altar of Trog.
  2110 | D:3      | Found a sacrificial altar of Ru.
  2110 | D:3      | Found an ancient bone altar of Kikubaaqudgha.
  2114 | D:3      | Found an opulent altar of Gozag.
  2114 | D:3      | Found an iron altar of Okawaru.
  2115 | D:3      | Found a basalt altar of Yredelemnul.
  2397 | D:3      | Reached XP level 6. HP: 38/38 MP: 6/6
  2533 | D:3      | Became a worshipper of Warmaster Okawaru
  2891 | D:3      | Reached skill level 5 in Shields
  2891 | D:3      | Reached XP level 7. HP: 38/44 MP: 7/7
  3203 | D:4      | Reached * piety under Okawaru
  3429 | D:4      | Reached skill level 5 in Maces & Flails
  3882 | D:5      | Entered Level 5 of the Dungeon
  3907 | D:5      | Reached skill level 5 in Armour
  4115 | D:5      | Reached skill level 5 in Fighting
  4329 | D:5      | Reached XP level 8. HP: 41/49 MP: 5/8
  4507 | D:5      | Reached ** piety under Okawaru
  4707 | D:5      | Found Cisio's Magic Scroll Emporium.
  4715 | D:5      | Bought a scroll of enchant weapon for 82 gold pieces
  4715 | D:5      | Bought a scroll of remove curse for 33 gold pieces
  4715 | D:5      | Bought a scroll of identify for 22 gold pieces
  5265 | D:6      | Noticed a kobold demonologist
  5278 | D:6      | Killed a kobold demonologist
  5309 | D:6      | Reached XP level 9. HP: 55/55 MP: 9/9
  5542 | D:6      | Reached *** piety under Okawaru
  6189 | D:7      | Found Ketseriuzy's Antique Weapon Shop.
  6207 | D:7      | Reached skill level 1 in Dodging
  6386 | D:7      | Found a glowing silver altar of Zin.
  6691 | D:7      | Found a staircase to the Ecumenical Temple.
  6753 | Temple   | Entered the Ecumenical Temple
  6867 | D:8      | Reached **** piety under Okawaru
  7400 | D:8      | Reached XP level 10. HP: 57/63 MP: 10/10
  7494 | D:8      | Found a stormy altar of Qazlal.
  7852 | D:8      | Reached ***** piety under Okawaru
  7958 | D:9      | Noticed Harold
  7989 | D:9      | Killed Harold
  8114 | D:9      | Noticed a two-headed ogre
  8220 | D:9      | Killed a two-headed ogre
  8636 | D:9      | Found Roorphid's Book Shop.
  9273 | D:10     | Entered Level 10 of the Dungeon
  9755 | D:5      | Bought a scroll of teleportation for 33 gold pieces
  9755 | D:5      | Bought a scroll of teleportation for 33 gold pieces
  9755 | D:5      | Bought a scroll of enchant armour for 82 gold pieces
  9755 | D:5      | Bought a scroll of remove curse for 33 gold pieces
  9895 | D:10     | Received a gift from Okawaru
  9917 | D:10     | Reached skill level 10 in Maces & Flails
  9930 | D:10     | Reached XP level 11. HP: 42/69 MP: 11/11
 10075 | D:10     | Noticed a two-headed ogre
 10092 | D:9      | Gained mutation: You are frail. (-10% HP) [mutagenic glow]
 10112 | D:10     | Gained mutation: Scrolls take you a little longer to read.
                  | [mutagenic glow]
 10169 | D:10     | Noticed a two-headed ogre
 10170 | D:10     | Noticed a skeletal warrior
 10286 | D:10     | Noticed a centaur warrior
 10299 | D:10     | Killed a centaur warrior
 10324 | D:10     | Noticed a centaur warrior
 10570 | D:10     | Killed a centaur warrior
 11026 | D:10     | Noticed a manticore
 11036 | D:10     | Killed a manticore
 11495 | D:10     | Killed a skeletal warrior
 11569 | D:10     | Killed a two-headed ogre
 11569 | D:10     | Reached ****** piety under Okawaru
 11721 | D:11     | Found a portal to a secret trove of treasure.
 11726 | Trove    | Entered a treasure trove
 11736 | Trove    | Got a faintly glowing eveningstar
 11754 | Trove    | Got a fine bone ring
 11766 | Trove    | Got a sparkling amber ring
 11778 | Trove    | Identified the ring "Ygid" {rN+ Str+2 Int+7} (You found it
                  | in a treasure trove)
 11780 | Trove    | Identified the ring of Salvation {Str+6 Dex+3} (You found
                  | it in a treasure trove)
 11781 | Trove    | Identified the +5 eveningstar "Gange" {venom, rPois rF- rC-
                  | MR+++} (You found it in a treasure trove)
 11819 | D:11     | Noticed a green ugly thing
 12404 | D:11     | Noticed a cyan ugly thing
 12415 | D:11     | Killed a cyan ugly thing
 12521 | D:11     | Reached skill level 5 in Dodging
 12576 | D:11     | Reached XP level 12. HP: 68/68 MP: 12/12
 12674 | D:11     | Found a staircase to the Lair.
 12810 | D:11     | Found a staircase to the Orcish Mines.
 12875 | D:11     | Noticed a two-headed ogre
 12883 | D:11     | Killed a two-headed ogre
 13420 | Lair:1   | Entered Level 1 of the Lair of Beasts
 13482 | Lair:1   | Found a gate leading to a gauntlet.
 13498 | Gauntlet | Entered a Gauntlet
 13498 | Gauntlet | Found a transporter.
 13498 | Gauntlet | Found a transporter.
 13498 | Gauntlet | Found a large runed translucent door.
 13498 | Gauntlet | Found a large runed translucent door.
 13498 | Gauntlet | Found a large runed translucent door.
 13498 | Gauntlet | Found a large runed translucent door.
 13498 | Gauntlet | Found a large runed translucent door.
 13498 | Gauntlet | Found a large runed translucent door.
 13498 | Gauntlet | Found a runed translucent door.
 13498 | Gauntlet | Found a runed translucent door.
 13498 | Gauntlet | Found a large runed translucent door.
 13498 | Gauntlet | Found a large runed translucent door.
 13498 | Gauntlet | Found a large runed translucent door.
 13498 | Gauntlet | Found a large runed translucent door.
 13498 | Gauntlet | Found a large runed translucent door.
 13498 | Gauntlet | Found a large runed translucent door.
 13502 | Gauntlet | Found a transporter.
 13502 | Gauntlet | Found a transporter.
 13511 | Gauntlet | Found a transporter.
 13520 | Gauntlet | Found a transporter.
 13528 | Gauntlet | Found a transporter.
 13528 | Gauntlet | Noticed a hell hog
 13528 | Gauntlet | Noticed a dire elephant
 13530 | Gauntlet | Found a transporter.
 13530 | Gauntlet | Found a transporter.
 13534 | Gauntlet | Found a transporter.
 13568 | Gauntlet | Found a transporter.
 13581 | Gauntlet | Found a large runed translucent door.
 13582 | Gauntlet | Found a large runed translucent door.
 13584 | Gauntlet | Found a runed translucent gate.
 13585 | Gauntlet | Found a runed translucent gate.
 13586 | Gauntlet | Found a runed translucent gate.
 13586 | Gauntlet | Found a transporter.
 13604 | Gauntlet | Found a large runed translucent door.
 13605 | Gauntlet | Found a large runed translucent door.
 13631 | Gauntlet | Found a transporter.
 13647 | Gauntlet | Found a transporter.
 13748 | Gauntlet | Found a transporter.
 13762 | Gauntlet | Found a transporter.
 13864 | Gauntlet | Reached skill level 10 in Shields
 13985 | Gauntlet | Reached skill level 10 in Fighting
 13985 | Gauntlet | Reached skill level 1 in Invocations
 13992 | Gauntlet | Reached skill level 10 in Armour
 14280 | Gauntlet | Killed a dire elephant
 14323 | Gauntlet | Noticed a minotaur
 14339 | Gauntlet | Killed a minotaur
 14366 | Gauntlet | Identified the Guide on Cloudy Heat
 15298 | Lair:2   | Reached XP level 13. HP: 74/74 MP: 15/15
 15588 | Lair:2   | Lost mutation: Scrolls take you a little longer to read.
                  | [potion of mutation]
 15588 | Lair:2   | Lost mutation: You are frail. (-10% HP) [potion of
                  | mutation]
 15588 | Lair:2   | Gained mutation: You can translocate small distances at
                  | will. [potion of mutation]
 15588 | Lair:2   | Gained mutation: You are partially covered in thin metallic
                  | scales. (AC +2) [potion of mutation]
 15635 | Lair:2   | Found a staircase to the Snake Pit.
 15751 | Lair:2   | Found a staircase to the Shoals.
 17054 | Lair:4   | Received a gift from Okawaru
 17690 | Lair:4   | Found a runed translucent door.
 18211 | Lair:5   | Reached skill level 5 in Invocations
 18337 | Lair:5   | Found a viscous altar of Jiyva.
 18337 | Lair:5   | Found a staircase to the Slime Pits.
 18372 | Lair:5   | Gained mutation: Your large and strong wings let you fly
                  | indefinitely. [Gargoyle growth]
 18372 | Lair:5   | Reached XP level 14. HP: 90/90 MP: 16/18
 18842 | Lair:5   | Received a gift from Okawaru
 19137 | Lair:6   | Entered Level 6 of the Lair of Beasts
 19137 | Lair:6   | Noticed Urug
 19150 | Lair:6   | Killed Urug
 19175 | Lair:6   | Noticed Nessos
 19362 | Lair:6   | Killed Nessos
 19779 | Lair:6   | Received a gift from Okawaru
 20974 | Orc:1    | Entered Level 1 of the Orcish Mines
 21243 | Orc:2    | Entered Level 2 of the Orcish Mines
 21352 | Orc:2    | Noticed an orc warlord
 21484 | Orc:1    | Killed an orc warlord
 21514 | Orc:1    | Reached XP level 15. HP: 96/96 MP: 20/20
 21555 | Orc:1    | Received a gift from Okawaru
 22061 | Orc:2    | Found a roughly hewn altar of Beogh.
 22266 | Orc:2    | Reached skill level 1 in Evocations
 22319 | Orc:2    | Found Qafuisau's Antique Weapon Boutique.
 22362 | Orc:2    | Found a radiant altar of Vehumet.
 22390 | Orc:2    | Found Cuxol's Distillery.
 22471 | Orc:2    | Found an ancient bone altar of Kikubaaqudgha.
 22492 | Orc:2    | Bought a potion of haste for 140 gold pieces
 22492 | Orc:2    | Bought a potion of heal wounds for 70 gold pieces
 22492 | Orc:2    | Bought a potion of haste for 140 gold pieces
 22532 | Orc:2    | Found a roughly hewn altar of Beogh.
 22532 | Orc:2    | Found Oleclog's Gadget Boutique.
 22570 | Orc:2    | Found Coasan's Magic Scroll Shop.
 22578 | Orc:2    | Bought a scroll of identify for 32 gold pieces
 22578 | Orc:2    | Bought a scroll of identify for 32 gold pieces
 22578 | Orc:2    | Bought a scroll of enchant armour for 120 gold pieces
 22578 | Orc:2    | Bought a scroll of teleportation for 48 gold pieces
 22696 | Orc:2    | Found a staircase to the Elven Halls.
 23627 | D:12     | Reached skill level 15 in Maces & Flails
 23665 | D:12     | Found a runed translucent door.
 23726 | D:12     | Found a glowing golden altar of the Shining One.
 23856 | D:12     | Found Qaejon's Distillery.
 23859 | D:12     | Bought a potion of heal wounds for 70 gold pieces
 23859 | D:12     | Bought a potion of might for 56 gold pieces
 23859 | D:12     | Bought 2 potions of might for 112 gold pieces
 24186 | D:13     | Found a runed translucent gate.
 24187 | D:13     | Found a runed translucent gate.
 24188 | D:13     | Noticed 15bullets's ghost (journeyman GrFi)
 24189 | D:13     | Found a runed translucent gate.
 24679 | D:14     | Received a gift from Okawaru
 24682 | D:14     | Got a jewelled executioner's axe {god gift}
 24704 | D:14     | Noticed Kirke
 24718 | D:14     | Killed Kirke
 25070 | D:14     | Identified a scroll of acquirement
 25070 | D:14     | Acquired 330 gold pieces
 25163 | D:14     | Received a gift from Okawaru
 25295 | D:14     | Reached XP level 16. HP: 103/103 MP: 21/21
 25501 | D:14     | Found a gate to the Vaults.
 25808 | Shoals:1 | Entered Level 1 of the Shoals
 27059 | Shoals:2 | Noticed Frances
 27075 | Shoals:2 | Killed Frances
 27101 | Shoals:2 | Found a large runed translucent door.
 27101 | Shoals:2 | Found a large runed translucent door.
 27102 | Shoals:2 | Noticed Setanta's ghost (adept FoFi)
 27113 | Shoals:2 | Noticed Ilsuiw
 27136 | Shoals:2 | Killed Ilsuiw
 27843 | Shoals:2 | Received a gift from Okawaru
 28568 | Shoals:3 | Reached XP level 17. HP: 98/110 MP: 22/22
 28732 | Shoals:3 | Received a gift from Okawaru
 28746 | Shoals:3 | Reached skill level 10 in Dodging
 29968 | Shoals:4 | Entered Level 4 of the Shoals
 30337 | Shoals:4 | Received a gift from Okawaru
 30562 | Shoals:4 | Got a barnacled rune of Zot
 30960 | Shoals:4 | Identified the amulet of Jylipp {Spirit Dex+5}
 32435 | Snake:1  | Entered Level 1 of the Snake Pit
 32585 | Snake:1  | Received a gift from Okawaru
 32673 | Snake:1  | Reached XP level 18. HP: 107/118 MP: 23/23
 32910 | Snake:1  | Identified Roxanne's Grimoire of the Rocks
 32910 | Snake:1  | Noticed Roxanne
 32931 | Snake:1  | Killed Roxanne
 33008 | Snake:1  | Noticed Aizul
 33029 | Snake:1  | Killed Aizul
 33054 | Snake:1  | Reached skill level 15 in Fighting
 33054 | Snake:1  | Reached skill level 15 in Shields
 33205 | Snake:1  | Reached skill level 15 in Armour
 33421 | Snake:1  | Found Jumuntai's Jewellery Shoppe.
 33422 | Snake:1  | Found Tufetai's Gadget Boutique.
 33423 | Snake:1  | Found Jeon's Jewellery Shoppe.
 34331 | Snake:2  | Found a burning altar of Makhleb.
 34860 | Snake:2  | Found Ocvov's Distillery.
 34865 | Snake:2  | Bought 2 potions of resistance for 280 gold pieces
 34865 | Snake:2  | Bought a potion of heal wounds for 70 gold pieces
 36176 | Snake:4  | Entered Level 4 of the Snake Pit
 36189 | Snake:4  | Received a gift from Okawaru
 36675 | Snake:4  | Noticed Agnes
 36689 | Snake:4  | Killed Agnes
 36860 | Snake:4  | Reached XP level 19. HP: 76/125 MP: 20/24
 37158 | Snake:4  | Received a gift from Okawaru
 38181 | Snake:4  | Received a gift from Okawaru
 38281 | Snake:4  | Got a serpentine rune of Zot
 38713 | Vaults:1 | Entered Level 1 of the Vaults
 39685 | Vaults:1 | Reached XP level 20. HP: 134/134 MP: 25/25
 39757 | Vaults:1 | Found a runed translucent gate.
 39757 | Vaults:1 | Found a runed translucent gate.
 39758 | Vaults:1 | Found a runed translucent gate.
 39760 | Vaults:1 | Noticed nicanaca0's ghost (adept GrBe)
 39999 | Vaults:1 | Received a gift from Okawaru
 40003 | Vaults:1 | Got a crude war axe {god gift}
 40004 | Vaults:1 | Identified the +7 war axe of Focus {venom, *Slow +Blink
                  | rF++ MR+} (Okawaru gifted it to you on level 1 of the
                  | Vaults)
 40565 | Vaults:2 | Noticed Mara
 40572 | Vaults:2 | Noticed Typee's illusion
 40612 | Vaults:2 | Killed Mara
 41082 | Vaults:2 | Noticed Mennas
 41159 | Vaults:2 | Killed Mennas
 41370 | Vaults:2 | Received a gift from Okawaru
 41924 | Vaults:2 | Noticed Frederick
 42107 | Vaults:2 | Reached skill level 5 in Evocations
 42195 | Vaults:2 | Killed Frederick
 42519 | Vaults:3 | Received a gift from Okawaru
 42520 | Vaults:3 | Got a sapphire fustibalus {god gift}
 42932 | Vaults:3 | You are sucked into a shaft and drop 1 floor!
 42935 | Vaults:4 | Reached skill level 1 in Throwing
 43567 | Vaults:3 | Received a gift from Okawaru
 43573 | Vaults:3 | Reached XP level 21. HP: 130/142 MP: 26/26
 43844 | Vaults:3 | Found a staircase to the Crypt.
 44005 | Vaults:3 | Noticed Sojobo
 44024 | Vaults:3 | Killed Sojobo
 44574 | Vaults:3 | Got a transparent scale mail {god gift}
 44585 | Vaults:3 | Identified the +3 scale mail "Cysumno" {Harm rCorr Int+6
                  | Slay-3} (Okawaru gifted it to you on level 3 of the Vaults)
 45831 | Vaults:4 | Received a gift from Okawaru
 45832 | Vaults:4 | Found the +10 morningstar "Eos" {elec, Halo rElec}
 46189 | Vaults:4 | Found Cemuim's Gadget Emporium.
 46828 | Elf:1    | Entered Level 1 of the Elven Halls
 46852 | Elf:1    | Reached skill level 5 in Throwing
 47065 | Elf:1    | Identified Tofodyq's Compendium of Evil
 47211 | Elf:1    | Found Ifaemel's Antique Weapon Shop.
 47375 | Elf:1    | Received a gift from Okawaru
 47596 | Elf:2    | Found a flickering gateway to a bazaar.
 47604 | Bazaar   | Entered a bazaar
 47630 | Bazaar   | Found Gajifeot's Assorted Antiques.
 47641 | Bazaar   | Found Xaqiylaw's Book Emporium.
 47673 | Bazaar   | Found Udufidgh's Gadget Boutique.
 47742 | Bazaar   | Found Ytenn's Food Emporium.
 47747 | Bazaar   | Bought a ration for 45 gold pieces
 47747 | Bazaar   | Bought a ration for 45 gold pieces
 47747 | Bazaar   | Bought a ration for 45 gold pieces
 47747 | Bazaar   | Bought a ration for 45 gold pieces
 47747 | Bazaar   | Bought a ration for 45 gold pieces
 47747 | Bazaar   | Bought a ration for 45 gold pieces
 47747 | Bazaar   | Bought a ration for 45 gold pieces
 47747 | Bazaar   | Bought a ration for 45 gold pieces
 47747 | Bazaar   | Bought a ration for 45 gold pieces
 47747 | Bazaar   | Bought a ration for 45 gold pieces
 47747 | Bazaar   | Bought a ration for 45 gold pieces
 47783 | Bazaar   | Found Radih's Food Shoppe.
 47788 | Bazaar   | Bought a ration for 40 gold pieces
 47788 | Bazaar   | Bought a ration for 40 gold pieces
 47788 | Bazaar   | Bought a ration for 40 gold pieces
 47788 | Bazaar   | Bought a ration for 40 gold pieces
 47788 | Bazaar   | Bought a ration for 40 gold pieces
 47788 | Bazaar   | Bought a ration for 40 gold pieces
 47788 | Bazaar   | Bought a ration for 40 gold pieces
 47788 | Bazaar   | Bought a ration for 40 gold pieces
 47788 | Bazaar   | Bought a ration for 40 gold pieces
 47788 | Bazaar   | Bought a ration for 40 gold pieces
 47788 | Bazaar   | Bought a ration for 40 gold pieces
 48028 | Elf:2    | Reached XP level 22. HP: 149/149 MP: 29/29
 48029 | Elf:2    | Found a runed translucent gate.
 48029 | Elf:2    | Found a runed translucent gate.
 48048 | Elf:2    | Found a runed translucent gate.
 48618 | Elf:2    | Received a gift from Okawaru
 48752 | Elf:2    | Reached skill level 10 in Invocations
 49119 | D:15     | Entered Level 15 of the Dungeon
 49376 | D:15     | Found a staircase to the Depths.
 49494 | D:15     | Found a glowing golden altar of the Shining One.
 49632 | D:15     | Found Cur Fuim's Food Shoppe.
 49650 | D:15     | Found a corrupted altar of Lugonu.
 49914 | Depths:1 | Entered Level 1 of the Depths
 49919 | Depths:1 | Received a gift from Okawaru
 50334 | D:15     | Received a gift from Okawaru
 50494 | Depths:1 | Found a gateway to Hell.
 50838 | Depths:1 | Found Ryciklo's Weapon Emporium.
 50847 | Depths:1 | Found Pugukh's Book Emporium.
 51157 | Depths:1 | Found a one-way gate to the infinite horrors of the Abyss.
 51625 | D:15     | Received a gift from Okawaru
 51775 | D:15     | Received a gift from Okawaru
 52102 | Depths:1 | Received a gift from Okawaru
 52113 | Depths:1 | Reached XP level 23. HP: 65/156 MP: 31/31
 52958 | Depths:1 | Received a gift from Okawaru
 53748 | Depths:2 | Found a shimmering altar of Xom.
 53750 | Depths:2 | Found a gateway to a ziggurat.
 53911 | Depths:1 | Cast into level 3 of the Abyss (spriggan defender)
 54036 | Abyss:3  | Received a gift from Okawaru
 54077 | Depths:1 | Escaped the Abyss
 54196 | Depths:2 | Found a blossoming altar of Fedhas.
 54754 | Depths:2 | Noticed a golden dragon
 54756 | Depths:2 | Noticed a juggernaut
 54762 | Depths:2 | Killed a golden dragon
 54762 | Depths:2 | Received a gift from Okawaru
 54779 | Depths:2 | Killed a juggernaut
 54779 | Depths:2 | Received a gift from Okawaru
 54793 | Depths:2 | Received a gift from Okawaru
 54800 | Depths:2 | Got a crystal morningstar {god gift}
 54801 | Depths:2 | Identified the +6 morningstar "Tiaheq" {antimagic, rN+
                  | Str+2 Int+3 Dex+2} (Okawaru gifted it to you on level 2 of
                  | the Depths)
 54962 | Depths:2 | Found a sacrificial altar of Ru.
 55471 | Depths:2 | Got a twitching bronze amulet
 55473 | Depths:2 | Identified the amulet "Leafitwa" {Faith rF+ rN+ MR+} (You
                  | found it on level 2 of the Depths)
 55535 | Depths:2 | Received a gift from Okawaru
 56220 | Depths:2 | Received a gift from Okawaru
 56221 | Depths:2 | Got a brightly glowing demon blade {god gift}
 56222 | Depths:2 | Identified the +8 demon blade "Giec" {elec, Dex+2 SInv}
                  | (Okawaru gifted it to you on level 2 of the Depths)
 56248 | Depths:2 | Found a bloodstained altar of Trog.
 56784 | Depths:3 | Found Fudough's Gadget Emporium.
 56784 | Depths:3 | Found Unle's Gadget Shoppe.
 56966 | Depths:3 | Reached XP level 24. HP: 162/164 MP: 32/32
 57163 | Depths:3 | Found a one-way gate leading to the halls of Pandemonium.
 57438 | Depths:4 | Noticed Jory
 57448 | Depths:4 | Killed Jory
 57850 | Depths:4 | Received a gift from Okawaru
 57859 | Depths:4 | Got a crystal dire flail {god gift}
 58480 | Depths:4 | Reached skill level 10 in Throwing
 58805 | Depths:4 | Received a gift from Okawaru
 59300 | Depths:5 | Entered Level 5 of the Depths
 59920 | Depths:5 | Noticed a juggernaut
 59937 | Depths:5 | Killed a juggernaut
 59956 | Depths:5 | Received a gift from Okawaru
 60252 | Depths:5 | Reached XP level 25. HP: 170/170 MP: 33/33
 60443 | Depths:5 | Found a gate to the Realm of Zot.
 60504 | Depths:5 | Received a gift from Okawaru
 60505 | Depths:5 | Got a pair of transparent gloves {god gift}
 60516 | Depths:5 | Identified the +2 pair of gloves of the Valley of Death
                  | {-Tele rPois Str+9 SInv} (Okawaru gifted it to you on level
                  | 5 of the Depths)
 60726 | Depths:5 | Paralysed by a floating eye for 4 turns
 61812 | Elf:3    | Entered Level 3 of the Elven Halls
 62105 | Elf:3    | Found Yddihil Mio's Antique Armour Boutique.
 62891 | Elf:3    | Identified the +6 leather armour of Zoraxun {+Inv}
 63007 | Elf:3    | Received a gift from Okawaru
 63027 | Elf:3    | Identified The Intricacies of Spellweaving
 63415 | Elf:3    | Found Ciojomif's Magic Scroll Boutique.
 63424 | Elf:3    | Bought a scroll of acquirement for 728 gold pieces
 63424 | Elf:3    | Bought a scroll of teleportation for 42 gold pieces
 63425 | Elf:3    | Acquired the +0 pair of boots of the Slightly Bent {*Contam
                  | Regen+ Str+3}
 63941 | D:15     | Fell from the grace of Okawaru
 63941 | D:15     | Became a worshipper of the Shining One
 64058 | Crypt:1  | Entered Level 1 of the Crypt
 64105 | Crypt:1  | Reached * piety under the Shining One
 64423 | D:13     | Killed 15bullets's ghost
 64735 | Shoals:2 | Killed Setanta's ghost
 64735 | Shoals:2 | Reached skill level 15 in Invocations
 65224 | Crypt:1  | Reached ** piety under the Shining One
 65370 | Crypt:1  | Identified the Guide on Boosting Weightlessness
 65461 | Crypt:1  | Reached *** piety under the Shining One
 65690 | Crypt:1  | Noticed Margery
 65703 | Crypt:1  | Reached **** piety under the Shining One
 65755 | Crypt:1  | Killed Margery
 65755 | Crypt:1  | Reached XP level 26. HP: 155/179 MP: 34/34
 66204 | Crypt:2  | Reached ***** piety under the Shining One
 66853 | Crypt:3  | Entered Level 3 of the Crypt
 66902 | Crypt:3  | Reached ****** piety under the Shining One
 66996 | Crypt:3  | Identified a +5 sacred scourge of holy wrath (a +3 demon
                  | whip of electrocution blessed by the Shining One)
 66996 | Crypt:3  | Received a gift from the Shining One
 67098 | Crypt:3  | Found a basalt altar of Yredelemnul.
 67119 | Crypt:3  | Found an ancient bone altar of Kikubaaqudgha.
 67203 | Crypt:3  | Got a warped steel amulet
 67204 | Crypt:3  | Identified the amulet "Hecerphay" {RegenMP rN+ Int+2} (You
                  | found it on level 3 of the Crypt)
 67231 | Crypt:3  | Identified the Catalogue of Stolen Souls
 67453 | Crypt:3  | Found a staircase to the Tomb.
 68287 | Slime:1  | Entered Level 1 of the Pits of Slime
 68327 | Slime:1  | Gained mutation: You tend to lose your temper in combat. [a
                  | shining eye]
 68330 | Slime:1  | Gained mutation: You are resistant to hostile enchantments.
                  | (MR+) [a shining eye]
 68352 | Slime:1  | Gained mutation: Your magical capacity is low. (-10% MP) [a
                  | shining eye]
 68355 | Slime:1  | Gained mutation: You are clumsy. (Dex -2) [a shining eye]
 68614 | Slime:1  | Was forgiven by Okawaru
 69876 | Slime:3  | Gained mutation: You are frail. (-10% HP) [a shining eye]
 70282 | Slime:3  | Reached XP level 27. HP: 167/167 MP: 31/31
 71463 | Slime:5  | Entered Level 5 of the Pits of Slime
 71597 | Snake:1  | Bought the ring "Asaociux" {rC+ MR+ Str+2} for 561 gold
                  | pieces
 71682 | Snake:2  | Bought a potion of mutation for 112 gold pieces
 71682 | Snake:2  | Lost mutation: You are resistant to hostile enchantments.
                  | (MR+) [potion of mutation]
 71682 | Snake:2  | Lost mutation: Your magical capacity is low. (-10% MP)
                  | [potion of mutation]
 71682 | Snake:2  | Gained mutation: Your flesh is cold resistant. (rC+)
                  | [potion of mutation]
 71725 | Snake:3  | Lost mutation: You are frail. (-10% HP) [potion of
                  | mutation]
 71725 | Snake:3  | Lost mutation: You are clumsy. (Dex -2) [potion of
                  | mutation]
 71725 | Snake:3  | Lost mutation: You are partially covered in thin metallic
                  | scales. (AC +2) [potion of mutation]
 71725 | Snake:3  | Gained mutation: You are clumsy. (Dex -2) [potion of
                  | mutation]
 71725 | Snake:3  | Gained mutation: You are somewhat resistant to further
                  | mutation. [potion of mutation]
 72445 | Slime:5  | Gained mutation: You often lose your temper in combat. [a
                  | shining eye]
 72448 | Slime:5  | Noticed the Royal Jelly
 73494 | Depths:1 | Voluntarily entered the Abyss.
 73577 | Abyss:1  | Found a corrupted altar of Lugonu.
 73583 | Abyss:1  | Identified the +9 morningstar "Imp's Death" {speed, *Contam
                  | Int+5 SInv}
 73677 | Abyss:1  | Found a bloodstained altar of Trog.
 73689 | Abyss:1  | Paralysed by accursed screaming for 1 turns
 74485 | Abyss:3  | Paralysed by accursed screaming for 1 turns
 74711 | Abyss:5  | Entered Level 5 of the Abyss
 74759 | Abyss:5  | Found a corrupted altar of Lugonu.
 75183 | Abyss:5  | Lost mutation: You are clumsy. (Dex -2) [a shining eye]
 75238 | Abyss:5  | Got an abyssal rune of Zot
 75260 | Depths:1 | Escaped the Abyss
 75261 | Depths:1 | Lost mutation: You are somewhat resistant to further
                  | mutation. [potion of mutation]
 75261 | Depths:1 | Lost mutation: You can translocate small distances at will.
                  | [potion of mutation]
 75261 | Depths:1 | Lost mutation: You often lose your temper in combat.
                  | [potion of mutation]
 75261 | Depths:1 | Gained mutation: Your spells are a little harder to cast,
                  | but a little more powerful. [potion of mutation]
 75261 | Depths:1 | Gained mutation: You expend magic power (3 MP) to
                  | strengthen your wands. [potion of mutation]
 75338 | D:14     | Lost mutation: You expend magic power (3 MP) to strengthen
                  | your wands. [potion of mutation]
 75338 | D:14     | Gained mutation: You are frail. (-10% HP) [potion of
                  | mutation]
 75338 | D:14     | Gained mutation: You expend magic power (3 MP) to
                  | strengthen your wands. [potion of mutation]
 75338 | D:14     | Gained mutation: You have an increased reservoir of magic.
                  | (+10% MP) [potion of mutation]
 75403 | D:12     | Lost mutation: You are frail. (-10% HP) [potion of
                  | mutation]
 75403 | D:12     | Lost mutation: You expend magic power (3 MP) to strengthen
                  | your wands. [potion of mutation]
 75403 | D:12     | Lost mutation: You tend to lose your temper in combat.
                  | [potion of mutation]
 75403 | D:12     | Gained mutation: You are weak. (Str -2) [potion of
                  | mutation]
 75403 | D:12     | Gained mutation: You have large cloven feet. [potion of
                  | mutation]
 75403 | D:12     | Gained mutation: You are resistant to hostile enchantments.
                  | (MR+) [potion of mutation]
 75846 | Slime:5  | Identified the +6 tower shield of the Slorg {MR+ Int+2}
 75873 | Slime:5  | Killed the Royal Jelly
 75888 | Slime:4  | HP: 9/188 [acid[the Royal Jelly] (4)]
 76285 | Slime:5  | Got a shimmering wooden ring
 76286 | Slime:5  | Identified the ring "Ciwkos" {Wiz Dex+4} (You found it on
                  | level 5 of the Pits of Slime)
 76320 | Slime:5  | Identified the Compendium of the Rattlesnake
 76336 | Slime:5  | Got a glittering amber ring
 76337 | Slime:5  | Identified the ring of Boetet {rC+ MP+9 Dex+2} (You found
                  | it on level 5 of the Pits of Slime)
 76354 | Slime:5  | Identified the Reference Book on Orientation and the
                  | Volcanoes
 76359 | Slime:5  | Got a slimy rune of Zot
 76396 | Slime:5  | Identified the cursed +0 cloak of Neqedef {rN++ Str-5 Dex+4
                  | SInv} (You found it on level 5 of the Pits of Slime)
 76464 | Slime:5  | Gained mutation: You are very weak. (Str -4) [a shining
                  | eye]
 76471 | Slime:5  | Gained mutation: Scrolls take you a little longer to read.
                  | [a shining eye]
 76797 | Orc:2    | Bought a potion of mutation for 112 gold pieces
 76797 | Orc:2    | Lost mutation: You are resistant to hostile enchantments.
                  | (MR+) [potion of mutation]
 76797 | Orc:2    | Lost mutation: Your flesh is cold resistant. (rC+) [potion
                  | of mutation]
 76797 | Orc:2    | Gained mutation: You are clumsy. (Dex -2) [potion of
                  | mutation]
 76797 | Orc:2    | Gained mutation: You are dopey. (Int -2) [potion of
                  | mutation]
 76797 | Orc:2    | Lost mutation: You are very weak. (Str -4) [potion of
                  | mutation]
 76797 | Orc:2    | Gained mutation: You have a pair of small antennae on your
                  | head. [potion of mutation]
 77071 | Depths:5 | Lost mutation: You are clumsy. (Dex -2) [potion of
                  | mutation]
 77071 | Depths:5 | Lost mutation: You are dopey. (Int -2) [potion of mutation]
 77071 | Depths:5 | Lost mutation: You have a pair of small antennae on your
                  | head. [potion of mutation]
 77071 | Depths:5 | Lost mutation: You are weak. (Str -2) [potion of mutation]
 77071 | Depths:5 | Gained mutation: Your natural rate of healing is unusually
                  | fast. [potion of mutation]
 77071 | Depths:5 | Gained mutation: You expend magic power (3 MP) to
                  | strengthen your wands. [potion of mutation]
 77071 | Depths:5 | Gained mutation: You have a considerably increased
                  | reservoir of magic. (+20% MP) [potion of mutation]
 77338 | Vaults:5 | Entered Level 5 of the Vaults
 77971 | Vaults:5 | Got a silver rune of Zot
 78366 | Vaults:5 | Identified the cursed +0 buckler of Tinuw {+Fly Str+2
                  | Dex+2}
 79146 | Vaults:1 | Killed nicanaca0's ghost
 79258 | Vaults:1 | Identified the cursed +0 cloak "Xicaiwk" {rC+} (You found
                  | it on level 1 of the Vaults)
 79344 | Vaults:1 | Gained mutation: Scrolls take you longer to read.
                  | [mutagenic glow]
 79498 | Hell     | Entered the Vestibule of Hell
 79498 | Hell     | Noticed Geryon
 79647 | Hell     | Killed Geryon
 79778 | Hell     | Found a gateway to the Iron City of Dis.
 79794 | Hell     | Learned a level 3 spell: Spectral Weapon
 79887 | Hell     | Reached skill level 1 in Charms
 79905 | Hell     | Reached skill level 1 in Hexes
 79907 | Hell     | Reached skill level 1 in Spellcasting
 79958 | Hell     | Found a gateway to the decaying netherworld of Tartarus.
 80047 | Hell     | Found a gateway to the freezing wastes of Cocytus.
 80127 | Hell     | Found a gateway to the ashen valley of Gehenna.
 80213 | Geh:1    | Entered Level 1 of Gehenna
 80346 | Geh:1    | Found a burning altar of Makhleb.
 82607 | Geh:4    | Reached skill level 5 in Spellcasting
 82855 | Geh:4    | Reached skill level 5 in Charms
 83014 | Geh:4    | Reached skill level 5 in Hexes
 84591 | Geh:7    | Entered Level 7 of Gehenna
 85019 | Geh:7    | Identified the +7 sceptre of Asmodeus
 85019 | Geh:7    | Noticed Asmodeus
 85043 | Geh:7    | Killed Asmodeus
 85114 | Geh:7    | Got an obsidian rune of Zot
 85348 | Geh:7    | Killed from afar by a Brimstone Fiend

Illustrated notes

Levels and vault maps discovered:
D:1:      lightli_arrival_chessboard, layout_rooms
D:2:      layout_basic, grunt_qazlal_clouds, uniq_natasha
D:3:      layout_basic, grunt_temple_overflow_open, minmay_misc_feat_rows,
          uniq_jessica
D:4:      layout_gridville, hangedman_decor_slide_cut
D:5:      minmay_chambers_of_fours, layout_basic, first_ration, serial_shops,
          shop, hex_intersection
D:6:      layout_layer_cave
D:7:      layout_rooms, temple_statues, basic_altar, serial_shops,
          nicolae_shop_stone
D:8:      layout_layer_cave, basic_altar
D:9:      layout_layer_cave, serial_shops, nicolae_shop_behind_doors,
          uniq_harold
D:10:     hangedman_cross_veins, layout_basic, kennysheep_generic_room_6
D:11:     layout_cave_pods, erik_lair_dragon, david_orc_3,
          nicolae_trove_entry_crossroad
D:12:     cheibrodos_shockbox, layout_cave_pools, serial_shops,
          nicolae_shop_behind_doors, basic_altar, hangedman_ranch
          [blue_anna_fruit_fields]
D:13:     layout_loops_cross, gammafunk_ghost_hydra_chop
D:14:     layout_rooms, grunt_vaults_entry_tiered, due_unseen_surprise,
          uniq_kirke
D:15:     hangedman_depths_entry_civil_slaughter, layout_loops_ring,
          basic_altar, minivault_14, serial_shops, nicolae_shop_waterfront,
          serial_ice, serial_ice_n, serial_ice_k, serial_ice_h, serial_ice_f,
          tgw_lugonu_bribe
Temple:   eino_wide_crystal_templ
Lair:1:   layout_regular_city, gauntlet_entry_generic,
          portal_ice_cave_entry_ice_beasts, lemuel_fruit_fields
Lair:2:   layout_gridlike, elwin_shoals_entry_stream,
          minmay_snake_entry_guardpost_large
Lair:3:   layout_small_grid, pond, grunt_megastairs_5, lemuel_fruit_tree,
          lemuel_fruit_fields
Lair:4:   layout_loops_ring, pf_torpor_hydra
Lair:5:   layout_roguey, slime_altar_1, beast_lair_carwin_10,
          serial_bayou_shore_a
Lair:6:   minmay_lair_end_frog_pond, layout_cave_pods, uniq_nessos, uniq_urug
Shoals:1: layout_shoals
Shoals:2: layout_shoals, ebering_ghost_disaster_area,
          nicolae_shoals_water_shrine, uniq_ilsuiw, uniq_frances
Shoals:3: layout_shoals
Shoals:4: shoals_end_simple, layout_shoals
Snake:1:  layout_layer_cave, grunt_ministairs_14, grunt_megastairs_4,
          minmay_shop_grove, uniq_roxanne, uniq_aizul
Snake:2:  nrook_guardian_serpent_snake_passage, layout_basic, serial_shops,
          nicolae_shop_crystal, basic_altar, grunt_ministairs_1
Snake:3:  layout_cave_pods
Snake:4:  grunt_snake_rune_serpentine_throne, layout_layer_cave, uniq_agnes
Slime:1:  layout_caves
Slime:2:  layout_caves, nicolae_slime_phagocytosis
Slime:3:  layout_caves
Slime:4:  cheibrodos_slime_lost_civilization_2, layout_caves
Slime:5
Orc:1:    layout_diamond_mine
Orc:2:    kennysheep_orc_mage_school, layout_caves, basic_altar,
          nicolae_orc_lava_room
Elf:1:    minmay_elf_arrival_circle, layout_rooms, serial_shops,
          nicolae_shop_trees, minmay_elf_necromancy, st_stairs_10,
          lemuel_flamethrower_2
Elf:2:    layout_gridlike, serial_shops, bzr_entry_road
Elf:3:    minmay_elf_hall_not_hex, layout_geoelf_grid, serial_shops, shop,
          nicolae_shop_statue_plus
Vaults:1: gammafunk_vaults_ghost_tricky_traps, v_misc_32, st_hourglassy,
          ontoclasm_vaults_chip, nicolae_vaults_network_periphery,
          nicolae_vaults_three_branches, nicolae_vaults_what_the_h,
          nicolae_vaults_gold_heap, vaults_room_pool, v_misc_27,
          nicolae_vaults_little_squares_5, ontoclasm_vaults_gateway,
          vaults_room_pool, grunt_vaults_hallway_short, layout_vaults_omnibox
Vaults:2: nicolae_vaults_an_arrangement, vaults_room_pool, v_misc_14, v_misc_13,
          ontoclasm_vaults_hangar, ontoclasm_vaults_twist,
          hangedman_vaults_slice, nicolae_vaults_theta, vaults_room_pool,
          grunt_vaults_hallway_short, vaults_room_door_ring,
          nicolae_vaults_alarming, layout_vaults_omnicross, uniq_mara,
          uniq_frederick, uniq_mennas
Vaults:3: vaults_dpeg_spiral, v_misc_26, minmay_crypt_entry_simple_walls,
          v_misc_15, v_misc_5, v_misc_14, layout_vaults_omnigrid, uniq_sojobo
Vaults:4: vaults_mumra_hex, nicolae_vaults_murderbox,
          ontoclasm_vaults_claustrophobia, nicolae_vaults_twisting_passages,
          vaults_room_corners, v_misc_1, v_rooms_6, grunt_vaults_hallway_long,
          hangedman_vaults_restitches, grunt_vaults_bifocal, layout_vaults_ring,
          serial_shops, shop_statue
Vaults:5: serial_shops
Crypt:1:  layout_basic, grunt_crypt_arrival_webbed, uniq_margery
Crypt:2:  layout_rooms
Crypt:3:  lightli_unholy_cathedral, layout_chaotic_city,
          tomb_entry_forgotten_bobbens
Depths:1: layout_long_grid, chequers_jeans, hell_entry, abyss_entry,
          minmay_pinched_square, minmay_shop_star
Depths:2: grunt_profane_halls [grunt_profane_temple_coc,
          grunt_profane_temple_tar, grunt_profane_temple_geh,
          grunt_profane_temple_dis, grunt_profane_loot], hell_entry
Depths:3: abrahamwl_protected_by_tso_1, layout_cave_shapes, hell_entry,
          pan_entry, serial_sigils_hangedman_writhe,
          infiniplex_staircase_zigzag_5, minmay_shoptagon
Depths:4: grunt_house_of_mirrors, layout_cave_pools, hex_tiny,
          hangedman_abyss_entry_splay, hangedman_coc_ice_floe, uniq_jory
Depths:5: evilmike_zot_entry_diamond, layout_gridlike, grunt_metal_band,
          rand_demon_pan_entry_3, nicolae_lava_and_water, grunt_ministairs_8,
          drop_trap, serial_bayou_shore_b, serial_bayou_shore_b
Hell
Geh:1:    layout_gehenna_pools_triple, lemuel_hellish_altar
Geh:2:    layout_gehenna_pools_basic
Geh:3:    layout_gehenna_pools_basic
Geh:4:    layout_gehenna_lava_caves
Geh:5:    layout_gehenna_pools_basic
Geh:6:    layout_gehenna_lava_caves
Geh:7:    evilmike_geh

Skill      XL: |  1  2  3  4  5  6  7  8  9 10 11 12 13 14 15 16 17 18 19 20 21 22 23 24 25 26 27 |
---------------+----------------------------------------------------------------------------------+-----
Shields        | 4 5 6 7 8 9 10 11 12 13 14 16 17 18 19 20 21 23 25 | 25.0
Maces & Flails | 3 4 5 7 8 10 11 12 13 14 15 16 | 16.0
Armour         | 4 5 6 7 8 9 10 11 12 13 14 16 17 18 19 20 21 22 25 | 25.7
Fighting       | 4 5 6 7 8 9 10 11 12 13 14 16 17 18 19 20 21 22 25 | 25.8
Dodging        | 2 3 5 6 7 8 9 10 11 | 11.3
Invocations    | 2 5 7 9 11 12 13 15 16 21 | 21.4
Evocations     | 3 6 |  6.0
Throwing       | 2 5 7 9 10 12 | 12.0
Charms         | 7 |  7.4
Hexes          | 7 |  7.3
Spellcasting   | 7 |  7.5

Action                   |  1- 3 |  4- 6 |  7- 9 | 10-12 | 13-15 | 16-18 | 19-21 | 22-24 | 25-27 || total
-------------------------+-------+-------+-------+-------+-------+-------+-------+-------+-------++-------
Melee: Flail             |   128 |   266 |   543 |   176 |       |       |       |       |       ||  1113
       Morningstar       |       |       |       |   212 |       |       |       |       |   483 ||   695
       Eveningstar       |       |       |       |   306 |  1329 |  1665 |  1712 |  2002 |   442 ||  7456
       Sacred scourge    |       |       |       |       |       |       |       |       |  4119 ||  4119
Throw: Boomerang         |       |       |     1 |    11 |    20 |    15 |    10 |     3 |   127 ||   187
Invok: Heroism           |       |       |     2 |    13 |     3 |     6 |     7 |     5 |     2 ||    38
       Finesse           |       |       |       |       |       |     5 |     4 |     6 |     2 ||    17
       Divine Shield     |       |       |       |       |       |       |       |       |    20 ||    20
       Cleansing Flame   |       |       |       |       |       |       |       |       |    11 ||    11
       Summon Divine War |       |       |       |       |       |       |       |       |     7 ||     7
       Brand Weapon With |       |       |       |       |       |       |       |       |     1 ||     1
 Abil: Fly               |       |       |       |       |     1 |       |       |     1 |     1 ||     3
       Blink             |       |       |       |       |     2 |       |     1 |     2 |       ||     5
       Stop Flying       |       |       |       |       |       |       |     1 |       |     1 ||     2
Evoke: Wand              |       |       |       |       |     2 |     1 |       |       |       ||     3
  Use: Scroll            |       |     5 |     7 |    11 |    15 |     6 |     3 |     6 |    13 ||    66
       Potion            |       |     1 |     1 |     5 |     1 |     2 |       |     1 |    23 ||    34
 Stab: Distracted        |       |       |       |     1 |     1 |       |       |     1 |       ||     3
  Eat: Chunk             |       |     7 |    17 |    15 |    32 |    34 |    32 |    36 |    19 ||   192
       Ration            |       |       |     2 |     3 |     1 |     1 |     2 |     1 |    21 ||    31
Armor: Scale mail        |    71 |   105 |   139 |       |       |       |       |       |       ||   315
       Plate armour      |       |       |    95 |   177 |       |       |       |       |       ||   272
       Ring mail         |       |       |       |    87 |       |       |       |       |       ||    87
       Gold dragon scale |       |       |       |    11 |   595 |   626 |   515 |   824 |  2076 ||  4647
Dodge: Dodged            |    43 |    77 |   109 |   142 |   296 |   367 |   350 |   512 |  1290 ||  3186
       Repelled          |       |       |       |       |       |    94 |    46 |    43 |     4 ||   187
Block: Kite shield       |   119 |   234 |   364 |   512 |  1319 |  1518 |  1495 |  1987 |  4404 || 11952
       Reflection        |     2 |     7 |     9 |     5 |    26 |   166 |   175 |   177 |    25 ||   592
